 Dungeon Crawl Stone Soup version 0.31-a0-232-gb1c03b2570 (webtiles) character file.

Game seed: 14579368129551179618

49 qw the Shooter (level 3, -2/21 HPs)
             Began as a Gargoyle Hexslinger on July 7, 2023.
             Slain by Terence
             ... wielding a +0 falchion
              (4 damage)
             ... on level 2 of the Dungeon.
             The game lasted 00:00:26 (1376 turns).

qw the Shooter (Gargoyle Hexslinger)                Turns: 1376, Time: 00:00:26

Health: -2/21      AC:  7    Str: 11    XL:     3   Next: 77%
Magic:  4/4        EV: 12    Int: 13    God:
Gold:   101        SH:  0    Dex: 14    Spells: 3/4 levels left

rFire   . . .        Y - +2 sling
rCold   . . .        (no shield)
rNeg    + . .        c - +0 robe
rPois   inf          f - +0 helmet
rElec   +            (no cloak)
rCorr   .            (no gloves)
SInv    .            k - +0 pair of boots
Will    .....        g - amulet of faith
Stlth   +            (no ring)
HPRegen 0.23/turn    (no ring)
MPRegen 0.09/turn

%: faith
@: no status effects
A: sickness immunity, AC +3, negative energy resistance 1, electricity
resistance, torment resistance 1, petrification resistance
a: no special abilities


You were on level 2 of the Dungeon.
You visited 1 branch of the dungeon, and saw 2 of its levels.

You collected 101 gold pieces.


Innate Abilities, Weirdness & Mutations

You are immune to sickness and miasma.
Your stone body is resilient. (AC +3)
You are immune to poison.
You resist negative energy. (rN+)
You are resistant to electric shocks. (rElec)
You are resistant to unholy torment.
You are immune to petrification.


   Skills:
 - Level 2.2 Fighting
 + Level 3.5 Ranged Weapons
 - Level 1.5 Dodging
 - Level 1.0 Spellcasting
 - Level 2.6 Hexes


You had 3 spell levels left.
You knew the following spells:

 Your Spells              Type           Power      Damage    Failure   Level
a - Slow                  Hex            28%        N/A       10%         1

Your spell library contained the following spells:

 Spells                   Type           Power      Damage    Failure   Level
 Inner Flame              Hex/Fire       4%         N/A       43%         3
 Portal Projectile        Hex/Tloc       8%         N/A       43%         3
 Cause Fear               Hex            3%         N/A       67%         4

Inventory:

Hand Weapons
 Y - a +2 sling (weapon)
Armour
 a - a +0 leather armour
 b - a +0 ring mail
 c - a +0 robe (worn)
 f - a +0 helmet (worn)
 k - a +0 pair of boots (worn)
Jewellery
 d - an amulet of reflection
 e - an amulet of the acrobat
 g - an amulet of faith (around neck)
Potions
 h - a potion of enlightenment {unknown}

Dungeon Overview and Level Annotations

Branches:
Dungeon (2/15)

Altars:

Shops:
D:2 =

Annotations:
D:2 Terence


Message History

You shoot a sling bullet. The sling bullet hits Terence.
Terence shouts!
Terence is lightly wounded.
You shoot a sling bullet.
The sling bullet completely misses Terence.
You shoot a sling bullet. The sling bullet hits Terence.
Terence is heavily wounded.
You shoot a sling bullet. The sling bullet hits Terence.
Terence is severely wounded.
Terence says, "Rest in peace."
You shoot a sling bullet.
The sling bullet closely misses Terence.
You shoot a sling bullet.
The sling bullet closely misses Terence.
Terence hits you with a +0 falchion.
You shoot a sling bullet.
The sling bullet hits Terence but does no damage.
Terence is severely wounded.
Terence barely misses you. x2
You shoot a sling bullet. The sling bullet hits Terence.
Terence is severely wounded.
Terence completely misses you.
You shoot a sling bullet.
The sling bullet completely misses Terence.
Terence says, "Rest in peace."
Terence hits you with a +0 falchion.
You shoot a sling bullet.
The sling bullet hits Terence but does no damage.
Terence is severely wounded.
Terence hits you with a +0 falchion.
You shoot a sling bullet. The sling bullet hits Terence.
Terence is almost dead.
Terence hits you with a +0 falchion!
You shoot a sling bullet.
The sling bullet completely misses Terence.
Terence barely misses you. Terence closely misses you.
You shoot a sling bullet.
The sling bullet closely misses Terence.
Terence hits you with a +0 falchion.
You die...

###.## #........ #...##.##.....
.)%..# #....%... #.).##........
.....###........ ##..%##########
................ #........#
....####........ #.######.#
................ #. ##.#####
........)####### #. #......#
.........#....#########.#......#
................@@......#......#
...#####.#....############'#####
.......[..##### #.#####
##.....#.....# #.#...##
#.###.#.###.# #.....'. #.# #.#.#
#.## ###...## #.# #.#.# #..#####
##### ##.# #.#.# ##.....# ...#
#.#.# #.....# ######


You could see Terence.

Vanquished Creatures
  2 adders (D:2)
  6 ball pythons
  2 endoplasms (D:1)
  6 goblins
  A hobgoblin (D:2)
  A jackal (D:1)
  2 kobolds
  2 quokkas (D:1)
  A bat (D:1)
  3 frilled lizards
  4 rats (D:2)
30 creatures vanquished.

Notes
Turn   | Place    | Note
-------+----------+-------------------------------------------
     0 | D:1      | qw the Gargoyle Hexslinger began the quest for the Orb.
     0 | D:1      | Reached XP level 1. HP: 12/12 MP: 2/2
     0 | D:1      | 0 ||| qw: Version: 0.3-a-46-gb1f654a
     0 | D:1      | 0 ||| qw: Game counter: 2820
     0 | D:1      | 0 ||| qw: Melee chars always use a shield: true
     0 | D:1      | 0 ||| qw: God list: Okawaru
     0 | D:1      | 0 ||| qw: Allow faded altars: false
     0 | D:1      | 0 ||| qw: Do Orc after clearing Dungeon:15 true
     0 | D:1      | 0 ||| qw: Do second Lair branch before Depths: true
     0 | D:1      | 0 ||| qw: Lair rune preference: random
     0 | D:1      | 0 ||| qw: Goals: Normal
     0 | D:1      | 0 ||| PLANNING D:1-11
   251 | D:1      | Reached XP level 2. HP: 16/16 MP: 3/3
   567 | D:1      | Reached skill level 3 in Ranged Weapons
   876 | D:1      | 876 ||| UPGRADING to +0 helmet.
   881 | D:1      | 881 ||| UPGRADING to +0 pair of boots.
   886 | D:1      | 886 ||| UPGRADING to amulet of faith.
   891 | D:1      | 891 ||| READING scroll labelled UDEODDOTYV.
   892 | D:1      | 892 ||| READING scroll labelled DESUSM CYUST.
   896 | D:1      | 896 ||| READING scroll labelled BIL OSCHAFUYHU.
   897 | D:1      | 897 ||| DRINKING 2 fuming grey potions.
   898 | D:1      | 898 ||| DROPPING scroll of poison.
   899 | D:1      | 899 ||| DROPPING potion of brilliance.
   971 | D:2      | Reached XP level 3. HP: 21/21 MP: 4/4
   976 | D:2      | Found Pept's Jewellery Shoppe.
   982 | D:2      | 982 ||| SHOPLISTING +5 ring of evasion (504 gold, have 74).
   982 | D:2      | 982 ||| SHOPLISTING amulet of regeneration (420 gold, have
                  | 74).
   982 | D:2      | 982 ||| SHOPLISTING ring of Kikubaaqudgha's Pride {rElec
                  | rC+ Dex+3} (634 gold, have 74).
   982 | D:2      | 982 ||| SHOPLISTING ring of Oenomania {rN+ EV+5} (660 gold,
                  | have 74).
   982 | D:2      | 982 ||| SHOPLISTING ring of protection from cold (350 gold,
                  | have 74).
   982 | D:2      | 982 ||| SHOPLISTING ring of see invisible (210 gold, have
                  | 74).
   982 | D:2      | 982 ||| SHOPLISTING ring of willpower (350 gold, have 74).
  1363 | D:2      | Noticed Terence
  1374 | D:2      | HP: 2/21 [Terence/+0 falchion (8)]
  1376 | D:2      | Slain by Terence

Levels and vault maps discovered:
D:1:      dpeg_arrival_rooms_with_view, layout_loops_corners, serial_park_tiny_1
D:2:      layout_basic, serial_shops, shop, uniq_terence

Skill      XL: |  1  2 |
---------------+-------+-----
Ranged Weapons | 3 |  3.5
Fighting       | 2 |  2.2
Dodging        | |  1.5
Spellcasting   | |  1.0
Hexes          | |  2.6

Action                     || total
---------------------------++-------
   Fire: Sling             ||    88
    Use: Scroll            ||     3
         Potion            ||     1
 Armour: Robe              ||     4
  Dodge: Dodged            ||    23

Table legend:
 A = Non-vault XP
 B = Vault XP
 C = Vault XP percentage of total XP
 D = Non-vault monster count
 E = Vault monster count
 F = Vault count percentage of total count
                 A         B        C        D         E       F
            +---------+---------+-------+---------+---------+-------
      Total |      67 |       4 |   5.6 |      28 |       2 |   6.7
            +---------+---------+-------+---------+---------+-------
        D:1 |      24 |       4 |  14.3 |      14 |       2 |  12.5
        D:2 |      43 |       0 |   0.0 |      14 |       0 |   0.0
            +---------+---------+-------+---------+---------+-------
